 Dungeon Crawl Stone Soup version 0.28.0-43-g3370ac3207 (webtiles) character file.

Game seed: 18309278863065395819

2686 croobank the Cleaver (level 9, 0/82 HPs)
             Began as a Hill Orc Fighter on Mar 17, 2022.
             Was a Follower of Beogh.
             Slain by an orc warrior
             ... wielding a +1 scimitar of freezing
              (12 damage)
             ... on level 6 of the Dungeon.
             The game lasted 00:19:05 (5895 turns).

croobank the Cleaver (Hill Orc Fighter)             Turns: 5895, Time: 00:19:06

Health: 0/82       AC: 14    Str: 23    XL:     9   Next: 64%
Magic:  9/9        EV:  8    Int:  8    God:    Beogh [*.....]
Gold:   67         SH:  6    Dex: 16    Spells: 8/8 levels left

rFire   . . .      SeeInvis .   a - +2 war axe (flame)
rCold   . . .      Faith    .   c - +0 buckler
rNeg    . . .      Spirit   .   e - +0 chain mail
rPois   .          Reflect  .   (helmet restricted)
rElec   .          Harm     .   (no cloak)
rCorr   +          Rampage  .   (no gloves)
Will    .....                   (no boots)
Stlth   ..........              (no amulet)
HPRegen 0.23/turn               f - +4 ring of protection
MPRegen 0.11/turn               I - ring "Nedargho" {rCorr Dex+6}

@: brilliant
A: horns 1, MP-powered wands
a: Renounce Religion


You were on level 6 of the Dungeon.
You worshipped Beogh.
Beogh was aware of your devotion.
You visited 1 branch of the dungeon, and saw 6 of its levels.
You also visited: Sewer.

You collected 229 gold pieces.
You spent 162 gold pieces at shops.

Inventory:

Hand Weapons
 a - a +2 war axe of flaming (weapon)
 b - a +0 hunting sling
 d - a +0 broad axe
 n - a +1 whip of pain
 r - a +4 short sword
 C - a +2 dagger of draining
 E - a +0 great sword
 G - a +3 dire flail of protection
Missiles
 i - 72 sling bullets
 j - 4 curare-tipped darts (quivered)
 l - 110 stones
 m - 51 poisoned darts
 o - 25 bolts
Armour
 c - a +0 buckler (worn)
 e - a +0 chain mail (worn)
 g - a +0 helmet
 v - a +0 scale mail
 y - a +0 kite shield
Jewellery
 f - a +4 ring of protection (left hand)
 z - a +4 ring of evasion
 F - a ring of ice
 I - the ring "Nedargho" (right hand) {rCorr Dex+6}
   (You bought it in a shop on level 6 of the Dungeon)

   [ring of dexterity]

   Dex:       It affects your dexterity (+6).
   rCorr:     It protects you from acid and corrosion.
Wands
 A - a wand of paralysis (12)
Scrolls
 x - a scroll of noise
 D - 2 scrolls of teleportation {unknown}
 H - a scroll of summoning {unknown}
Potions
 h - 2 potions of curing
 B - a potion of brilliance


   Skills:
 + Level 8.5 Fighting
 + Level 8.9 Axes
 + Level 7.8 Armour
 + Level 7.8 Shields


You had 8 spell levels left.
You didn't know any spells.
Your spell library contained the following spells:

 Spells                   Type           Power      Damage    Failure   Level
 Beastly Appendage        Tmut           0%         N/A       98%         1
 Sublimation of Blood     Necr           0%         N/A       99%         2
 Wereblood                Tmut           0%         N/A       99%         2
 Spider Form              Tmut/Pois      0%         N/A       100%        3
 Petrify                  Tmut/Erth      0%         N/A       100%        4
 Irradiate                Conj/Tmut      0%         3d14      100%        5


Dungeon Overview and Level Annotations

Branches:
Dungeon (6/15)             Temple (0/1) D:5           Sewer (visited)

Altars:
Nemelex Xobeh

Shops:
D:3 (   D:6 *


Innate Abilities, Weirdness & Mutations

You have a pair of small horns on your head.
You expend magic power (3 MP) to strengthen your wands.


Message History

The creatures around you are filled with an inner flame!
It was a scroll of immolation.
You block the orc warrior's attack.
The orc priest hits you but does no damage.
As you read the scroll labelled RENLAU ILUBUU, it crumbles to dust.
You hear a loud clanging noise!
It was a scroll of noise.
You hear a shout! x10
The orc warrior hits you with a +1 scimitar of freezing.
* * * LOW HITPOINT WARNING * * *
The orc warrior freezes you.
* * * LOW HITPOINT WARNING * * *
The orc priest hits you with a +0 short sword.
* * * LOW HITPOINT WARNING * * *
Okay, then.
It was a potion of haste.
You feel yourself speed up. You block the orc warrior's attack.
The orc priest looks braver for a moment.
It was a potion of magic.
Magic courses through your body.
The orc warrior hits you but does no damage.
The orc priest hits you with a +0 short sword.
* * * LOW HITPOINT WARNING * * *
It was a potion of cancellation.
Your magical effects are unravelling.
You feel magically purged.
You feel yourself slow down.
Your resistance to elements expires.
It was a potion of brilliance.
You feel clever all of a sudden.
The orc warrior hits you with a +1 scimitar of freezing.
* * * LOW HITPOINT WARNING * * *
The orc warrior freezes you.
* * * LOW HITPOINT WARNING * * *
The orc priest hits you but does no damage.
Okay, then.
Okay, then.
You feel better. You block the orc warrior's attack.
The orc priest hits you but does no damage.
You feel better.
The orc warrior hits you with a +1 scimitar of freezing!
You die...
Beogh appreciates the orc warrior's killing of a heretic priest.

...........# #.#...
########.### #.#... #.#
#.#... ########.# #.#...
.........### #.....
.#######...## ###...
#.....###.....
#####.......).##.# .
#@o......)##)....# #.#
#o####...####.##..
#...###.#####)#####..#.#
o..o....................
..(...$.................
.≈.≈.≈≈.≈≈≈≈≈≈≈≈≈≈≈≈)...
≈≈≈≈≈≈≈≈≈≈≈≈≈≈≈≈≈≈≈≈....
≈≈≈≈≈≈≈≈≈≈≈≈≈≈≈≈≈≈≈≈....
≈≈≈≈≈≈≈≈≈≈≈≈≈≈≈≈≈≈≈≈....


You could see an orc warrior (inner flame) and an orc priest (inner flame).

Vanquished Creatures
  Grinder (D:5)
  Eustachio (D:5)
  Menkaure (D:4)
  Edmund (D:5)
  An ice beast (D:5)
  2 sky beasts (D:5)
  2 black bears
  An ogre (D:5)
  7 kobold brigands (Sewer)
  A gnoll sergeant (D:5)
  6 scorpions
  2 bullfrog zombies (D:5)
  A centaur zombie (D:5)
  A jelly (D:6)
  2 orc priests
  An iguana (D:5)
  A centaur skeleton (D:5)
  Ijyb (D:4)
  2 orc wizards (D:6)
  2 killer bee zombies
  Robin (D:3)
  4 gnolls (D:5)
  14 adders
  3 river rats
  An adder skeleton (D:4)
  5 worms
  A dart slug (D:2)
  8 orcs
  5 bats
  9 endoplasms
  5 giant cockroaches
  12 goblins
  12 hobgoblins
  2 jackals (D:5)
  3 quokkas
  13 ball pythons
  12 kobolds
  12 rats
159 creatures vanquished.

Notes
Turn   | Place    | Note
-------+----------+-------------------------------------------
     0 | D:1      | croobank the Hill Orc Fighter began the quest for the Orb.
     0 | D:1      | Reached XP level 1. HP: 19/19 MP: 1/1
   490 | D:1      | Reached XP level 2. HP: 27/27 MP: 2/2
   830 | D:1      | Reached XP level 3. HP: 21/33 MP: 3/3
  1124 | D:2      | Found a sparkling altar of Nemelex Xobeh.
  1309 | D:2      | Found a faded altar of an unknown god.
  1567 | D:2      | Reached XP level 4. HP: 40/40 MP: 4/4
  1956 | D:3      | Noticed Robin
  1972 | D:3      | Killed Robin
  2448 | D:3      | Reached XP level 5. HP: 47/47 MP: 5/5
  2512 | D:3      | Found a glowing drain.
  2522 | Sewer    | Entered a sewer
  2734 | Sewer    | Noticed a kobold brigand
  2751 | Sewer    | Killed a kobold brigand
  2752 | Sewer    | Reached XP level 6. HP: 47/55 MP: 6/6
  2830 | Sewer    | Reached skill level 5 in Fighting
  2853 | Sewer    | Reached skill level 5 in Axes
  3073 | Sewer    | Reached skill level 5 in Armour
  3073 | Sewer    | Reached skill level 5 in Shields
  3073 | Sewer    | Reached XP level 7. HP: 58/61 MP: 7/7
  3846 | D:3      | Found Ushu's Antique Weapon Emporium.
  3934 | D:4      | Noticed Menkaure
  3940 | D:4      | Killed Menkaure
  3941 | D:4      | Reached XP level 8. HP: 51/71 MP: 8/8
  4004 | D:4      | Noticed Ijyb
  4012 | D:4      | Paralysed by Ijyb for 7 turns
  4022 | D:4      | Killed Ijyb
  4117 | D:4      | Became a worshipper of Beogh the Brigand
  4552 | D:5      | Entered Level 5 of the Dungeon
  4579 | D:5      | Noticed Grinder
  4733 | D:5      | Noticed Edmund
  4743 | D:5      | Killed Edmund
  4924 | D:5      | Reached XP level 9. HP: 79/79 MP: 9/9
  5117 | D:5      | Killed Grinder
  5204 | D:5      | Found a staircase to the Ecumenical Temple.
  5291 | D:5      | Noticed Eustachio
  5322 | D:5      | Killed Eustachio
  5539 | D:6      | Found Lyasu's Assorted Antiques.
  5547 | D:6      | Bought a scroll of identify for 36 gold pieces
  5547 | D:6      | Bought a scroll of identify for 36 gold pieces
  5547 | D:6      | Bought a flickering iron ring for 90 gold pieces
  5547 | D:6      | Identified the ring "Nedargho" {rCorr Dex+6} (You bought it
                  | in a shop on level 6 of the Dungeon)
  5561 | D:6      | Gained mutation: You are weak. (Str -2) [potion of
                  | mutation]
  5561 | D:6      | Gained mutation: You expend magic power (3 MP) to
                  | strengthen your wands. [potion of mutation]
  5562 | D:6      | Lost mutation: You expend magic power (3 MP) to strengthen
                  | your wands. [potion of mutation]
  5562 | D:6      | Lost mutation: You are weak. (Str -2) [potion of mutation]
  5562 | D:6      | Gained mutation: You have a pair of small horns on your
                  | head. [potion of mutation]
  5562 | D:6      | Gained mutation: You expend magic power (3 MP) to
                  | strengthen your wands. [potion of mutation]
  5882 | D:6      | Reached * piety under Beogh
  5891 | D:6      | HP: 3/82 [orc priest/+0 short sword (4)]
  5893 | D:6      | HP: 1/82 [orc warrior/+1 scimitar of freezing (1)]
  5895 | D:6      | Slain by an orc warrior

Illustrated notes

Levels and vault maps discovered:
D:1:      amcnicky_arrival_choice, layout_loops_cross
D:2:      layout_basic, basic_altar, hellmonk_ecumenical_altar_slurped_away
D:3:      layout_rooms, serial_shops, nicolae_shop_hallway_stairs,
          portal_sewer_entry_e, uniq_robin
D:4:      layout_gridville, uniq_menkaure, uniq_ijyb
D:5:      layout_basic, minmay_temple_entry_mist, uniq_grinder, uniq_edmund,
          uniq_eustachio
D:6:      minmay_goblin_kobold_castle, layout_loops_cross, serial_shops,
          kennysheep_mini_moat, grunt_ministairs_6, nicolae_stop_n_shop_1,
          lightli_minifort

Skill      XL: |  1  2  3  4  5  6  7  8  9 |
---------------+----------------------------+-----
Axes           | 3 4 5 6 7 8 |  8.9
Fighting       | 4 5 6 7 8 |  8.5
Shields        | 4 5 6 7 |  7.8
Armour         | 4 5 7 |  7.8

Action                   |  1- 3 |  4- 6 |  7- 9 || total
-------------------------+-------+-------+-------++-------
Melee: War axe           |   108 |   101 |   242 ||   451
       Headbutt          |       |       |     1 ||     1
Throw: Dart              |       |       |     2 ||     2
Invok: Convert to Beogh  |       |       |     1 ||     1
Evoke: Wand              |       |       |     1 ||     1
  Use: Scroll            |       |     7 |     7 ||    14
       Potion            |       |       |    11 ||    11
 Stab: Paralysed         |       |       |     5 ||     5
Armor: Scale mail        |    54 |    49 |    14 ||   117
       Chain mail        |       |       |   115 ||   115
Dodge: Dodged            |    55 |    42 |    77 ||   174
Block: Buckler           |    30 |    17 |    54 ||   101
